 Dungeon Crawl Stone Soup version 0.17-a0-2171-ga91b4ec (webtiles) character file.

27 matakusis the Stinger (level 2, 0/17 HPs)
             Began as a Demonspawn Venom Mage on Oct 25, 2015.
             Slain by an adder (2 damage)
             ... on level 2 of the Dungeon.
             The game lasted 00:05:56 (1656 turns).

matakusis the Stinger (Demonspawn Venom Mage)       Turns: 1656, Time: 00:05:56

Health: 0/17       AC:  2    Str:  8    XL:     2   Next: 93%
Magic:  3/5        EV: 17    Int: 14    God:
Gold:   10         SH:  0    Dex: 18    Spells: 1 memorised, 4 levels left

rFire  . . .     SeeInvis .     p - +0 dagger (elec)
rCold  + . .     Clarity  .     a - +0 robe
rNeg   . . .     SustAt   .     (no shield)
rPois  .         Gourm    .     (helmet restricted)
rElec  .         Spirit   .     (no cloak)
rCorr  .         Warding  .     (no gloves)
rMut   .         Stasis   .     (no boots)
MR     .....                    (no amulet)
Stlth  +++.......               (no ring)
                                (no ring)

@: agile, lethally poisoned (0 -> -14), very slightly contaminated, hasted, very
quick, not resistant to hostile enchantments, fairly stealthy
A: antennae 1, cold resistance 1, dopey 1, frail 1
a: no special abilities


You were on level 2 of the Dungeon.
You were not hungry.

You visited 1 branch of the dungeon, and saw 2 of its levels.

You collected 10 gold pieces.

Inventory:

Hand Weapons
 d - a +0 dagger
 p - a +0 dagger of electrocution (weapon)
Armour
 a - a +0 robe (worn)
Scrolls
 e - a scroll of recharging
 f - a scroll of fear {unknown}
 i - 2 scrolls of teleportation {unknown}
 k - a scroll of enchant weapon {unknown}
 l - 2 scrolls of identify {unknown}
 m - a scroll of blinking {unknown}
Books
 b - a Young Poisoner's Handbook

   Spells                             Type                      Level
   a - Sting                          Conjuration/Poison           1
   b - Cure Poison                    Poison                       2
   c - Mephitic Cloud                 Conjuration/Poison/Air       3
   d - Olgreb's Toxic Radiance        Poison                       4
   e - Venom Bolt                     Conjuration/Poison           5
Comestibles
 c - a bread ration
 j - 2 meat rations
 o - a chunk of flesh


   Skills:
 - Level 1.7 Dodging
 * Level 2.4 Stealth
 + Level 2.1 Spellcasting
 + Level 0.2 Conjurations
 + Level 4.4 Poison Magic


You had 4 spell levels left.
You knew the following spells:

 Your Spells              Type           Power        Failure   Level  Hunger
a - Sting                 Conj/Pois      #...         12%         1    ##.....


Dungeon Overview and Level Annotations

Branches:
Dungeon (2/15)

Altars:


Innate Abilities, Weirdness & Mutations

You have a pair of small antennae on your head.
Your flesh is cold resistant.
You are dopey. (Int -2)
You are frail (-10% HP).


Message History

Drink which item? (? for menu, Esc to quit)
It was a potion of mutation.
You feel extremely strange.
You feel resistant to cold.
You feel stupid.
You feel frail.
You feel sick. The adder barely misses you.
Drink which item? (? for menu, Esc to quit)
It was a potion of haste.
You feel yourself speed up.
The adder looks more healthy.
The adder misses you. The adder bites you.
* * * LOW HITPOINT WARNING * * *
You are more poisoned.
The adder poisons you!
You are very lightly contaminated with residual magic.
You barely miss the adder.
The adder is heavily wounded.
* * * LOW HITPOINT WARNING * * *
You feel sick.
You hit the adder but do no damage.
The adder is heavily wounded.
* * * LOW HITPOINT WARNING * * *
You feel sick. The adder bites you.
You die...

######### .........
#......# #####
#######......# ....#
#.....#......# ....#
##.....###....###....###
........................
.#.....###....#.@S...#
.#.....# #....#..†...#
....#### ###.##....###
###..# #.##[...# ##.##
#.##....# #..# #.#######
##.## #.# #..# #.# ##.#
#.#


You could see an adder.

Vanquished Creatures
  A giant gecko (D:1)
  2 ball pythons (D:1)
  6 bats
  2 giant cockroaches (D:2)
  3 hobgoblins (D:1)
  3 kobolds (D:1)
  4 goblins
  A rat (D:2)
22 creatures vanquished.

Notes
Turn   | Place    | Note
--------------------------------------------------------------
     0 | D:1      | matakusis the Demonspawn Venom Mage began the quest for the Orb.
     0 | D:1      | Reached XP level 1. HP: 13/13 MP: 3/3
   377 | D:1      | Gained mutation: You have a pair of small antennae on your head. [demonic ancestry]
   377 | D:1      | Reached XP level 2. HP: 19/19 MP: 0/5
  1653 | D:2      | Gained mutation: Your flesh is cold resistant. [potion of mutation]
  1653 | D:2      | Gained mutation: You are dopey. (Int -2) [potion of mutation]
  1653 | D:2      | Gained mutation: You are frail (-10% HP). [potion of mutation]
  1656 | D:2      | Slain by an adder

Vault maps used:
D:1:      dpeg_arrival_long_road
D:2:      serial_glass, glass_columns_a, glass_columns_b

Action                   || total
-------------------------++-------
Melee: Dagger            ||    80
 Cast: Sting             ||    32
  Use: Potion            ||     3
       Scroll            ||     2
 Stab: Sleeping          ||     2
  Eat: Chunk             ||     3
